TOP OF THE 1ST |
Rocky Mountain Nuggets batting - Pitching for Athletic Club KC : RHP Billy Crawford
|
Pitching: RHP Billy Crawford
|
|
Batting: LHB Chris Whiteside
|
0-0: Swinging Strike 0-1: Swinging Strike 0-2: Ball 1-2: Foul Ball, location: 2F 1-2: Strikes out looking
|
Batting: LHB Randy Bowen
|
0-0: Ball 1-0: Foul Ball, location: 2F 1-1: Ball 2-1: Ball 3-1: Fly out, F8 (Flyball, 8LM)
|
Batting: RHB Michael Riley
|
0-0: Called Strike 0-1: Ball 1-1: Called Strike 1-2: Ball 2-2: Strikes out looking
|
Top of the 1st over - 0 run(s), 0 hit(s), 0 error(s), 0 left on base; Rocky Mountain 0 - Athletic Club KC 0 |
BOTTOM OF THE 1ST |
Athletic Club KC batting - Pitching for Rocky Mountain Nuggets : LHP Alfonso Zapata
|
Pitching: LHP Alfonso Zapata
|
|
Batting: RHB Jorge Trevino
|
0-0: Ball 1-0: Ground out 5-3 (Groundball, 56)
|
Batting: SHB David Henderson
|
0-0: Ball 1-0: Ball 2-0: Ball 3-0: Called Strike 3-1: Called Strike 3-2: Foul Ball, location: 2F 3-2: Ground out 5-3 (Groundball, 5)
|
Batting: RHB Ramón Souza
|
0-0: Foul Ball, location: 2F 0-1: Foul Ball, location: 2F 0-2: Foul Ball, location: 2F 0-2: Ball 1-2: Ball 2-2: Foul Ball, location: 2F 2-2: SOLO HOME RUN (Flyball, 89XD), Distance : 429 ft
|
Batting: RHB Ed Hopkins
|
0-0: Called Strike 0-1: Fly out, F8 (Flyball, 8RXD)
|
Bottom of the 1st over - 1 run(s), 1 hit(s), 0 error(s), 0 left on base; Rocky Mountain 0 - Athletic Club KC 1 |
TOP OF THE 2ND |
Rocky Mountain Nuggets batting - Pitching for Athletic Club KC : RHP Billy Crawford
|
Batting: RHB David Verhoeve
|
0-0: Ball 1-0: Called Strike 1-1: Foul Ball, location: 2F 1-2: Strikes out swinging passed ball, reaches first!
|
Batting: LHB Juan Ríos
|
0-0: Ball 1-0: Ball 2-0: Fielders Choice at 2nd, 4-6 (Groundball, 4)
|
Batting: SHB Jim Morris
|
0-0: Called Strike 0-1: Called Strike 0-2: Foul Ball, location: 2F 0-2: Ball 1-2: Ball 2-2: Strikes out swinging
|
Batting: RHB Juan Ávila
|
0-0: Ball 1-0: Fly out, F8 (Flyball, 8RD)
|
Top of the 2nd over - 0 run(s), 0 hit(s), 0 error(s), 1 left on base; Rocky Mountain 0 - Athletic Club KC 1 |
BOTTOM OF THE 2ND |
Athletic Club KC batting - Pitching for Rocky Mountain Nuggets : LHP Alfonso Zapata
|
Batting: RHB Harry Fuller
|
0-0: Ball 1-0: Ball 2-0: Called Strike 2-1: Foul Ball, location: 2F 2-2: Ground out 6-3 (Groundball, 6)
|
Batting: RHB Juan Benítez
|
0-0: Foul Ball, location: 2F 0-1: Called Strike 0-2: Ball 1-2: Fly out, F5 (Popup, 2L)
|
Batting: RHB Todd Blake
|
0-0: Ball 1-0: Ball 2-0: Ball 3-0: Base on Balls
|
Batting: LHB Emílio Sáenz
|
0-0: Called Strike 0-1: Ball 1-1: Fielders Choice at 2nd, U4 (Groundball, 4M)
|
Bottom of the 2nd over - 0 run(s), 0 hit(s), 0 error(s), 1 left on base; Rocky Mountain 0 - Athletic Club KC 1 |
TOP OF THE 3RD |
Rocky Mountain Nuggets batting - Pitching for Athletic Club KC : RHP Billy Crawford
|
Batting: LHB Egidio Agnolutto
|
0-0: Ball 1-0: Ball 2-0: Called Strike 2-1: Ball 3-1: Called Strike 3-2: Foul Ball, location: 2F 3-2: Base on Balls
|
Batting: SHB Jorge Colomo
|
0-0: Called Strike 0-1: Foul Ball, location: 2F 0-2: Strikes out swinging
|
Batting: LHB Chris Whiteside
|
0-0: Ball 1-0: Swinging Strike 1-1: Called Strike 1-2: Strikes out swinging
|
Batting: LHB Randy Bowen
|
0-0: Ball 1-0: Called Strike Egidio Agnolutto steals 2nd base 1-1: Called Strike 1-2: Ball 2-2: Strikes out swinging
|
Top of the 3rd over - 0 run(s), 0 hit(s), 0 error(s), 1 left on base; Rocky Mountain 0 - Athletic Club KC 1 |
BOTTOM OF THE 3RD |
Athletic Club KC batting - Pitching for Rocky Mountain Nuggets : LHP Alfonso Zapata
|
Batting: RHB Rick Atkinson
|
0-0: Fly out, F8 (Flyball, 8RXD)
|
Batting: RHB Jorge Trevino
|
0-0: Swinging Strike 0-1: Called Strike 0-2: Ball 1-2: Foul Ball, location: 2F 1-2: Ground out 5-3 (Groundball, 56)
|
Batting: SHB David Henderson
|
0-0: Ball 1-0: Ball 2-0: Ball 3-0: Base on Balls
|
Batting: RHB Ramón Souza
|
0-0: Foul Ball, location: 2F 0-1: Ball 1-1: Ball 2-1: Swinging Strike 2-2: Strikes out looking
|
Bottom of the 3rd over - 0 run(s), 0 hit(s), 0 error(s), 1 left on base; Rocky Mountain 0 - Athletic Club KC 1 |
TOP OF THE 4TH |
Rocky Mountain Nuggets batting - Pitching for Athletic Club KC : RHP Billy Crawford
|
Batting: RHB Michael Riley
|
0-0: Swinging Strike 0-1: Ball 1-1: Ball 2-1: Foul Ball, location: 2F 2-2: Ground out 6-3 (Groundball, 6M)
|
Batting: RHB David Verhoeve
|
0-0: Ball 1-0: Foul Ball, location: 2F 1-1: Swinging Strike 1-2: Foul Ball, location: 2F 1-2: Foul Ball, location: 2F 1-2: Foul Ball, location: 2F 1-2: Reached on error, E5 (Groundball, 56)
|
Batting: LHB Juan Ríos
|
0-0: Ball 1-0: Ball 2-0: Ball 3-0: Called Strike 3-1: Foul Ball, location: 2F 3-2: SINGLE (Groundball, 34D) (infield hit) David Verhoeve to second
|
Batting: SHB Jim Morris
|
0-0: Called Strike David Verhoeve steals 3rd base Juan Ríos to second 0-1: Swinging Strike 0-2: Foul Ball, location: 2F 0-2: Ball 1-2: Foul Ball, location: 2F 1-2: SINGLE (Flyball, 8LS) David Verhoeve scores Juan Ríos to third Runner from 3rd tries for Home, SAFE, no throw or cutoff
|
Batting: RHB Juan Ávila
|
0-0: Grounds into double play, 4-6-3 (Groundball, 4)
|
Top of the 4th over - 2 run(s), 2 hit(s), 1 error(s), 0 left on base; Rocky Mountain 2 - Athletic Club KC 1 |
BOTTOM OF THE 4TH |
Athletic Club KC batting - Pitching for Rocky Mountain Nuggets : LHP Alfonso Zapata
|
Batting: RHB Ed Hopkins
|
0-0: Ball 1-0: Ball 2-0: Called Strike 2-1: Foul Ball, location: 2F 2-2: Ground out 5-3 (Groundball, 56S)
|
Batting: RHB Harry Fuller
|
0-0: Ball 1-0: Ball 2-0: Fly out, F7 (Line Drive, 78D)
|
Batting: RHB Juan Benítez
|
0-0: Called Strike 0-1: Ball 1-1: Ground out 5-3 (Groundball, 5)
|
Bottom of the 4th over - 0 run(s), 0 hit(s), 0 error(s), 0 left on base; Rocky Mountain 2 - Athletic Club KC 1 |
TOP OF THE 5TH |
Rocky Mountain Nuggets batting - Pitching for Athletic Club KC : RHP Billy Crawford
|
Batting: LHB Egidio Agnolutto
|
0-0: Ball 1-0: Ball 2-0: Called Strike 2-1: Foul Ball, location: 2F 2-2: Ball 3-2: Fly out, F6 (Popup, 56)
|
Batting: SHB Jorge Colomo
|
0-0: Called Strike 0-1: Foul Ball, location: 2F 0-2: Fly out, F9 (Flyball, 89S)
|
Batting: LHB Chris Whiteside
|
0-0: Ball 1-0: Called Strike 1-1: Swinging Strike 1-2: Ball 2-2: Ground out 4-3 (Groundball, 34)
|
Top of the 5th over - 0 run(s), 0 hit(s), 0 error(s), 0 left on base; Rocky Mountain 2 - Athletic Club KC 1 |
BOTTOM OF THE 5TH |
Athletic Club KC batting - Pitching for Rocky Mountain Nuggets : LHP Alfonso Zapata
|
Batting: RHB Todd Blake
|
0-0: Ball 1-0: Called Strike 1-1: Ball 2-1: Ball 3-1: Foul Ball, location: 2F 3-2: Ground out 6-3 (Groundball, 56)
|
Batting: LHB Emílio Sáenz
|
0-0: Called Strike 0-1: Foul Ball, location: 2F 0-2: Foul Ball, location: 2F 0-2: Strikes out swinging
|
Batting: RHB Rick Atkinson
|
0-0: Ball 1-0: Called Strike 1-1: Ball 2-1: Fly out, F3 (Popup, 3S)
|
Bottom of the 5th over - 0 run(s), 0 hit(s), 0 error(s), 0 left on base; Rocky Mountain 2 - Athletic Club KC 1 |
TOP OF THE 6TH |
Rocky Mountain Nuggets batting - Pitching for Athletic Club KC : RHP Billy Crawford
|
Batting: LHB Randy Bowen
|
0-0: Ball 1-0: SINGLE (Groundball, 34)
|
Batting: RHB Michael Riley
|
0-0: Swinging Strike 0-1: Foul Ball, location: 2F 0-2: Strikes out swinging
|
Batting: RHB David Verhoeve
|
0-0: Ball 1-0: Swinging Strike 1-1: Ball 2-1: Fly out, F8 (Flyball, 8LM)
|
Pitching: RHP Esteban Moreno
|
|
Batting: LHB Juan Ríos
|
0-0: Ball 1-0: Ball Randy Bowen steals 2nd base 2-0: Fly out, F3 (Line Drive, 3)
|
Top of the 6th over - 0 run(s), 1 hit(s), 0 error(s), 1 left on base; Rocky Mountain 2 - Athletic Club KC 1 |
BOTTOM OF THE 6TH |
Athletic Club KC batting - Pitching for Rocky Mountain Nuggets : LHP Alfonso Zapata
|
Batting: RHB Jorge Trevino
|
0-0: Called Strike 0-1: Ball 1-1: Foul Ball, location: 2F 1-2: SOLO HOME RUN (Flyball, 8LXD), Distance : 442 ft
|
Batting: SHB David Henderson
|
0-0: Ball 1-0: Ball 2-0: Foul Ball, location: 2F 2-1: Ground out 6-3 (Groundball, 6M)
|
Batting: RHB Ramón Souza
|
0-0: Called Strike 0-1: Foul Ball, location: 2F 0-2: Ball 1-2: Fly out, F4 (Popup, 4)
|
Batting: RHB Ed Hopkins
|
0-0: Swinging Strike 0-1: DOUBLE (Flyball, 8LXD)
|
Batting: RHB Harry Fuller
|
0-0: Ball 1-0: Ball 2-0: Called Strike 2-1: Ground out 6-3 (Groundball, 6M)
|
Bottom of the 6th over - 1 run(s), 2 hit(s), 0 error(s), 1 left on base; Rocky Mountain 2 - Athletic Club KC 2 |
TOP OF THE 7TH |
Rocky Mountain Nuggets batting - Pitching for Athletic Club KC : RHP Esteban Moreno
|
Batting: SHB Jim Morris
|
0-0: Foul Ball, location: 2F 0-1: Foul Ball, location: 2F 0-2: Foul Ball, location: 2F 0-2: Ball 1-2: Strikes out looking
|
Batting: RHB Juan Ávila
|
0-0: Called Strike 0-1: Ball 1-1: Swinging Strike 1-2: Ball 2-2: Ball 3-2: Base on Balls
|
Batting: LHB Egidio Agnolutto
|
0-0: Called Strike 0-1: Called Strike 0-2: Ball 1-2: DOUBLE (Flyball, 89D) Juan Ávila to third
|
Batting: SHB Jorge Colomo
|
0-0: Ball 1-0: Called Strike 1-1: Foul Ball, location: 2F 1-2: SINGLE (Groundball, 3) Juan Ávila scores Egidio Agnolutto to third Runner from 3rd tries for Home, SAFE, no throw or cutoff
|
Batting: LHB Chris Whiteside
|
0-0: Ball 1-0: Ball 2-0: Swinging Strike 2-1: Swinging Strike 2-2: Strikes out swinging
|
Batting: LHB Randy Bowen
|
0-0: SINGLE (Line Drive, 34) Jorge Colomo to second
|
Batting: RHB Michael Riley
|
0-0: Ball 1-0: Foul Ball, location: 2F 1-1: Ball 2-1: Foul Ball, location: 2F 2-2: Strikes out swinging
|
Top of the 7th over - 2 run(s), 3 hit(s), 0 error(s), 2 left on base; Rocky Mountain 4 - Athletic Club KC 2 |
BOTTOM OF THE 7TH |
Athletic Club KC batting - Pitching for Rocky Mountain Nuggets : LHP Alfonso Zapata
|
Batting: RHB Juan Benítez
|
0-0: Ball 1-0: SINGLE (Groundball, 3D)
|
Batting: RHB Todd Blake
|
0-0: Ground out 5-3 (Groundball, 56S) Juan Benítez to second
|
Batting: LHB Emílio Sáenz
|
0-0: Swinging Strike 0-1: Ground out 4-3 (Groundball, 4) Juan Benítez to third
|
Batting: RHB Rick Atkinson
|
0-0: Ball 1-0: Ground out 6-3 (Groundball, 6)
|
Bottom of the 7th over - 0 run(s), 1 hit(s), 0 error(s), 1 left on base; Rocky Mountain 4 - Athletic Club KC 2 |
TOP OF THE 8TH |
Rocky Mountain Nuggets batting - Pitching for Athletic Club KC : RHP Esteban Moreno
|
Pitching: RHP Manuel Hernández
|
|
Batting: RHB David Verhoeve
|
0-0: Ball 1-0: Called Strike 1-1: Ball 2-1: Called Strike 2-2: Ball 3-2: Strikes out looking
|
Batting: LHB Juan Ríos
|
0-0: Called Strike 0-1: Ball 1-1: Ball 2-1: Foul Ball, location: 2F 2-2: Ball 3-2: Ground out U3 (Groundball, 3L)
|
Batting: SHB Jim Morris
|
0-0: Foul Ball, location: 2F 0-1: Called Strike 0-2: Ball 1-2: Ball 2-2: Ball 3-2: Foul Ball, location: 2F 3-2: Ground out 4-3 (Groundball, 34)
|
Top of the 8th over - 0 run(s), 0 hit(s), 0 error(s), 0 left on base; Rocky Mountain 4 - Athletic Club KC 2 |
BOTTOM OF THE 8TH |
Athletic Club KC batting - Pitching for Rocky Mountain Nuggets : LHP Alfonso Zapata
|
Batting: RHB Jorge Trevino
|
0-0: Ball 1-0: Ball 2-0: Called Strike 2-1: Ball 3-1: Foul Ball, location: 2F 3-2: SINGLE (Line Drive, 7LS)
|
Batting: SHB David Henderson
|
0-0: Ball 1-0: SINGLE (Groundball, 4MD) Jorge Trevino to second Runner from 2nd tries for 3rd, SAFE, throw made to third David Henderson to second
|
Batting: RHB Ramón Souza
|
0-0: Foul Ball, location: 2F 0-1: Ball 1-1: Foul Ball, location: 2F 1-2: Foul Ball, location: 2F 1-2: Foul Ball, location: 2F 1-2: Ground out 6-3 (Groundball, 6M) Jorge Trevino scores David Henderson to third
|
Batting: RHB Ed Hopkins
|
0-0: Ball 1-0: Foul Ball, location: 2F 1-1: Ball 2-1: Foul Ball, location: 2F 2-2: Strikes out swinging
|
Batting: RHB Harry Fuller
|
0-0: Called Strike 0-1: Foul Ball, location: 2F 0-2: Ball 1-2: Ball 2-2: Foul Ball, location: 2F 2-2: Ball 3-2: Foul Ball, location: 2F 3-2: Base on Balls
|
Batting: RHB Juan Benítez
|
0-0: SINGLE (Line Drive, 9LS) David Henderson scores Harry Fuller to second Runner from 2nd tries for 3rd, SAFE, no throw or cutoff
|
Batting: RHB Todd Blake
|
0-0: Foul Ball, location: 2F 0-1: Ball 1-1: Ball 2-1: Called Strike 2-2: Ball 3-2: Ground out 4-3 (Groundball, 4)
|
Bottom of the 8th over - 2 run(s), 3 hit(s), 0 error(s), 2 left on base; Rocky Mountain 4 - Athletic Club KC 4 |
TOP OF THE 9TH |
Rocky Mountain Nuggets batting - Pitching for Athletic Club KC : RHP Manuel Hernández
|
Pitching: RHP Byron Rogers
|
|
Batting: RHB Juan Ávila
|
0-0: Fly out, F3 (Popup, 3D)
|
Batting: LHB Egidio Agnolutto
|
0-0: Ball 1-0: Ball 2-0: Ball 3-0: Base on Balls
|
Pinch Hitting: RHB Toshitsugu Sakamoto
|
0-0: Ball 1-0: Fly out, F9 (Flyball, 89S)
|
Batting: LHB Chris Whiteside
|
0-0: Ball 1-0: Called Strike 1-1: Ground out 4-3 (Groundball, 4)
|
Top of the 9th over - 0 run(s), 0 hit(s), 0 error(s), 1 left on base; Rocky Mountain 4 - Athletic Club KC 4 |
BOTTOM OF THE 9TH |
Athletic Club KC batting - Pitching for Rocky Mountain Nuggets : LHP Alfonso Zapata
|
Now at C: Wayne Rose
|
|
Pinch Hitting: RHB Bill Dennis
|
0-0: Ball 1-0: Ball 2-0: Called Strike 2-1: Foul Ball, location: 2F 2-2: Ball 3-2: Foul Ball, location: 2F 3-2: DOUBLE (Flyball, 78D)
|
Pitching: RHP Juan Carlos Maestas
|
|
Batting: RHB Rick Atkinson
|
0-0: Ball 1-0: Ball 2-0: Ball 3-0: Called Strike 3-1: Base on Balls
|
Batting: RHB Jorge Trevino
|
0-0: Ball 1-0: Foul Ball, location: 2F 1-1: Ball 2-1: Foul Ball, location: 2F 2-2: Ball 3-2: Grounds into double play, 6-4-3 (Groundball, 6M) Bill Dennis to third
|
Batting: SHB David Henderson
|
0-0: Ball 1-0: Called Strike 1-1: Ground out 3-1 (Groundball, 34S)
|
Bottom of the 9th over - 0 run(s), 1 hit(s), 0 error(s), 1 left on base; Rocky Mountain 4 - Athletic Club KC 4 |
TOP OF THE 10TH |
Rocky Mountain Nuggets batting - Pitching for Athletic Club KC : RHP Byron Rogers
|
Now at 3B: Bill Dennis
|
|
Batting: LHB Randy Bowen
|
0-0: Ball 1-0: Called Strike 1-1: Fly out, F9 (Flyball, 9LD)
|
Batting: RHB Michael Riley
|
0-0: Ball 1-0: Called Strike 1-1: Foul Ball, location: 2F 1-2: Foul Ball, location: 2F 1-2: Ball 2-2: Strikes out swinging
|
Batting: RHB David Verhoeve
|
0-0: Ball 1-0: Ground out 4-3 (Groundball, 4)
|
Top of the 10th over - 0 run(s), 0 hit(s), 0 error(s), 0 left on base; Rocky Mountain 4 - Athletic Club KC 4 |
BOTTOM OF THE 10TH |
Athletic Club KC batting - Pitching for Rocky Mountain Nuggets : RHP Juan Carlos Maestas
|
Batting: RHB Ramón Souza
|
0-0: Foul Ball, location: 2F 0-1: Ball 1-1: Foul Ball, location: 2F 1-2: Foul Ball, location: 2F 1-2: Ball 2-2: Foul Ball, location: 2F 2-2: DOUBLE (Groundball, 5L)
|
Batting: RHB Ed Hopkins
|
0-0: Intentional Walk
|
Pinch Hitting: LHB Lawrence Washington
|
0-0: Ball 1-0: Ball 2-0: Called Strike 2-1: Swinging Strike 2-2: Ground out 4-3 (Groundball, 4S) Ramón Souza to third Ed Hopkins to second
|
Pinch Hitting: LHB Bob Davis
|
0-0: Intentional Walk
|
Batting: RHB Todd Blake
|
0-0: Grounds into double play, 4-2-3 (Groundball, 13)
|
Bottom of the 10th over - 0 run(s), 1 hit(s), 0 error(s), 2 left on base; Rocky Mountain 4 - Athletic Club KC 4 |
TOP OF THE 11TH |
Rocky Mountain Nuggets batting - Pitching for Athletic Club KC : RHP Byron Rogers
|
Now at C: Bob Davis
|
|
Now at SS: Lawrence Washington
|
|
Batting: LHB Juan Ríos
|
0-0: TRIPLE (Line Drive, 9LM)
|
Batting: SHB Jim Morris
|
0-0: Called Strike 0-1: Ball 1-1: Ball 2-1: Foul Ball, location: 2F 2-2: Fly out, F3 (Popup, 3SF)
|
Batting: RHB Juan Ávila
|
0-0: Ball 1-0: Foul Ball, location: 2F 1-1: Swinging Strike 1-2: Strikes out swinging
|
Batting: LHB Egidio Agnolutto
|
0-0: Ball 1-0: Ball 2-0: Ball 3-0: Base on Balls
|
Pinch Hitting: SHB Quan Ge
|
0-0: Ball 1-0: Called Strike 1-1: Ball 2-1: Ball 3-1: Swinging Strike 3-2: Strikes out swinging
|
Top of the 11th over - 0 run(s), 1 hit(s), 0 error(s), 2 left on base; Rocky Mountain 4 - Athletic Club KC 4 |
BOTTOM OF THE 11TH |
Athletic Club KC batting - Pitching for Rocky Mountain Nuggets : RHP Juan Carlos Maestas
|
Pitching: RHP Artie Horton
|
|
Now at C: Quan Ge
|
|
Batting: RHB Bill Dennis
|
0-0: Ball 1-0: Ground out 5-3 (Groundball, 56)
|
Batting: RHB Rick Atkinson
|
0-0: DOUBLE (Line Drive, 5L)
|
Batting: RHB Jorge Trevino
|
0-0: Swinging Strike 0-1: Foul Ball, location: 2F 0-2: Foul Ball, location: 2F 0-2: SINGLE (Line Drive, 89S) Rick Atkinson to third Runner from 3rd tries for Home, SAFE, no throw or cutoff
|
|